AoeStats
← DKing

Black Forest

510391364Analyzed
4v4 RM · 11h ago on Sep 30, 2026· 32m 0s· 8 players
Game mode
Random Map
Map size
Large (8 player)
Population
200
Speed
Normal
Resources
Standard
Victory
Conquest
Starting age
Dark Age
Ending age
Imperial Age
RankedLock teamsTeams togetherTeam positionsShared explorationLock speedFull tech treeHidden civsTurbo modeCheats
Victory
Defeat
🇩🇪 Franks · Germany
1275
+16
🇩🇪 Koreans · Germany
1274
+16
🇩🇪 Mongols · Germany
1274
+16
🇩🇪 Spanish · Germany
1274
+16
🇧🇪 Bengalis · Belgium
1302
-16
🇨🇱 Turks · Chile
1300
-16
🇫🇷 Franks · France
1290
-17
🇵🇹 Khmer · Portugal
1243
-15
[CU] MatthiasKF
3:02 Loom
11:32 Feudal Age
12:26 Double-Bit Axe
13:20 Wheelbarrow
12:24 Man-at-Arms
15:01 Forging
19:13 Castle Age
17:45 Scale Mail Armor
20:46 Iron Casting
20:17 Long Swordsman
Scorpison
1:58 Loom
14:23 Feudal Age
17:55 Double-Bit Axe
23:49 Castle Age
22:19 Fletching
23:59 Crossbowman
28:59 Bodkin Arrow
31:24 Ballistics
Julian X!
3:47 Loom
13:16 Feudal Age
18:23 Castle Age
16:28 Double-Bit Axe
17:21 Stone Mining
17:35 Town Watch
21:08 Scale Barding Armor
22:32 Husbandry
22:32 Gold Mining
23:12 Forging
29:51 Wheelbarrow
[GER]MadMaXX
3:12 Loom
22:35 Feudal Age
29:05 Castle Age
差不多先生
11:09 Feudal Age
12:08 Double-Bit Axe
15:08 Castle Age
17:46 Wheelbarrow
25:23 Loom
28:29 Hand Cart
31:04 Imperial Age
PetsSs
4:47 Loom
18:47 Feudal Age
22:00 Double-Bit Axe
22:02 Horse Collar
26:20 Castle Age
25:22 Stone Mining
26:08 Gold Mining
27:00 Wheelbarrow
30:57 Fletching
gatuzo
6:38 Loom
8:51 Feudal Age
8:55 Man-at-Arms
12:35 Double-Bit Axe
15:58 Horse Collar
21:32 Castle Age
DKing
6:35 Loom
11:27 Feudal Age
15:23 Castle Age
15:57 Double-Bit Axe
15:53 Horse Collar
24:11 Wheelbarrow
25:49 Husbandry
28:18 Hand Cart
29:53 Bow Saw
31:05 Bloodlines
Connection lost

Rejoining the realm…

Still unreachable

The connection could not be restored.

Session expired

The server has moved on; the page needs a fresh start.